 Dungeon Crawl Stone Soup version 0.31-a0-1074-g0b22e4e0f1 (webtiles) character file.

Game seed: 17781064667535960822

8823 Arex the Protected (level 10, -2/88 HPs)
             Began as a Demigod Fighter on Dec 2, 2023.
             Killed from afar by an electric eel (14 damage)
             ... with a bolt of electricity
             ... on level 10 of the Dungeon on Dec 4, 2023.
             The game lasted 00:18:37 (12510 turns).

Arex the Protected (Demigod Fighter)               Turns: 12510, Time: 00:18:38

Health: -2/88      AC: 17    Str: 35    XL:     10   Next: 93%
Magic:  13/13      EV:  8    Int: 10    God:
Gold:   148        SH:  6    Dex: 13    Spells: 9/9 levels left

rFire   . . .        a - +0 war axe
rCold   . . .        c - +0 buckler
rNeg    . . .        F - +0 plate armour
rPois   +            i - +0 helmet
rElec   .            v - +1 cloak
rCorr   .            (no gloves)
SInv    .            (no boots)
Will    +....        (no amulet) Stlth
                     u - +6 ring of strength
HPRegen 0.34/turn    C - ring of poison resistance
MPRegen 0.13/turn

%: no passive effects
@: studying 2 skills
A: high MP 1, forlorn, divine attributes
a: no special abilities


You were on level 10 of the Dungeon.
You visited 1 branch of the dungeon, and saw 10 of its levels.
You also visited: Bailey.

You collected 178 gold pieces.
You spent 30 gold pieces at shops.

Inventory:

Hand Weapons
 a - a +0 war axe (weapon)
 D - the +11 spear of Sin {heavy, rF++ SInv}
   (You found it on level 9 of the Dungeon)

   rF++:      It greatly protects you from fire.
   SInv:      It lets you see invisible.
 E - a +0 arbalest
Missiles
 y - a throwing net
Armour
 c - a +0 buckler (worn)
 i - a +0 helmet (worn)
 v - a +1 cloak (worn)
 F - a +0 plate armour (worn)
Jewellery
 u - a +6 ring of strength (left hand)
 C - a ring of poison resistance (right hand)
Wands
 o - a wand of mindburst (5)
 p - a wand of charming (26)
 z - a wand of roots (8)
Scrolls
 d - a scroll of enchant weapon
 e - 3 scrolls of noise
 f - 3 scrolls of teleportation
 g - a scroll of amnesia {unknown}
 m - a scroll of vulnerability
 n - a scroll of enchant armour {unknown}
 r - 2 scrolls of fear
 s - a scroll of revelation {unknown}
 x - 2 scrolls of torment
Potions
 h - 4 potions of brilliance
 j - a potion of degeneration
 k - 2 potions of curing
 l - 2 potions of lignification
 q - a potion of haste
 A - a potion of heal wounds {unknown}
 B - a potion of cancellation {unknown}
Miscellaneous
 t - a tin of tremorstones (2/2)


   Skills:
 + Level 8.1 Fighting
 + Level 7.9 Axes
 + Level 8.4 Armour
 + Level 8.2 Shields
 + Level 4.6 Evocations


You had 9 spell levels left.
You didn't know any spells.
Your spell library contained the following spells:

 Spells                   Type           Power      Damage    Failure   Level
 Summon Small Mammal      Summ           0%         N/A       94%         1
 Static Discharge         Conj/Air       0%         3-3/arc   98%         2
 Call Canine Familiar     Summ           0%         N/A       100%        3
 Inner Flame              Hex/Fire       0%         N/A       100%        3
 Summon Guardian Golem    Hex/Summ       0%         N/A       100%        3
 Airstrike                Air            0%         2d(0-16)  100%        4
 Animate Dead             Necr           0%         N/A       100%        4
 Flame Wave               Conj/Fire      0%         2d4       100%        4
 Sticky Flame             Conj/Fire      0%         2d3       100%        4
 Summon Ice Beast         Ice/Summ       0%         N/A       100%        4
 Summon Lightning Spire   Summ/Air       0%         N/A       100%        4
 Borgnjor's Vile Clutch   Necr/Erth      0%         N/A       100%        5
 Summon Forest            Summ/Tloc      0%         N/A       100%        5
 Summon Mana Viper        Hex/Summ       0%         N/A       100%        5
 Death Channel            Necr           0%         N/A       100%        6
 Summon Cactus Giant      Summ           0%         N/A       100%        6
 Monstrous Menagerie      Summ           0%         N/A       100%        7


Dungeon Overview and Level Annotations

Branches:
Dungeon (10/15)            Temple (0/1) D:7             Orc (0/2) D:9
 Bailey (visited)
   Lair: D:8-11

Shops:
D:2 !   D:9 (

Annotations:
D:6 9 runed translucent doors
D:7 exclusion: ice statue
D:8 Maurice


Innate Abilities, Weirdness & Mutations

You have an increased reservoir of magic. (+10% MP)
You shall have no god before yourself.
Your divine heritage dramatically boosts your attributes as you level up.


Message History

The bolt of electricity hits you.
An electric eel comes into view.
The electric eel shoots out a bolt of lightning at you!
The bolt of electricity misses you.
An electric eel comes into view.
The electric eel shoots out a bolt of lightning at you!
The bolt of electricity hits you.
The electric eel shoots out a bolt of lightning at you!
The bolt of electricity hits the electric eel.
The electric eel completely resists.
The bolt of electricity hits you!
The electric eel shoots out a bolt of lightning at you!
The bolt of electricity hits you!
You barely miss the electric eel.
The electric eel shoots out a bolt of lightning at you!
The bolt of electricity hits the electric eel.
The electric eel completely resists.
The bolt of electricity hits you.
The electric eel shoots out a bolt of lightning at you!
The bolt of electricity hits the electric eel.
The electric eel completely resists.
The bolt of electricity hits you!
The electric eel shoots out a bolt of lightning at you!
The bolt of electricity hits you.
The electric eel shoots out a bolt of lightning at you!
The bolt of electricity hits the electric eel.
The electric eel completely resists.
The bolt of electricity hits you!
* * * LOW HITPOINT WARNING * * *
You open the door.
The electric eel shoots out a bolt of lightning at you!
The bolt of electricity hits the electric eel.
The electric eel completely resists.
The bolt of electricity hits you but does no damage.
There is an open door here.
The electric eel shoots out a bolt of lightning at you!
The bolt of electricity hits you.
* * * LOW HITPOINT WARNING * * *
The electric eel shoots out a bolt of lightning at you!
The bolt of electricity hits you!
* * * LOW HITPOINT WARNING * * *
The electric eel shoots out a bolt of lightning at you!
The bolt of electricity hits you!
You die...

.................# #..'..........
.................###.##..........
...........[.........######...###
........(........######≈≈≈#...#≈≈
.................# #≈≈≈#...#≈≈
.................# #≈≈≈#...#≈≈
.................# ######'####
.................###### #.##
................@#....# ####..#
.................#....###.....#
.................'....#...##.##
~~≈~~≈≈~~≈~~≈~~..#....#.####<#
.≈≈#~≈≈≈≈≈≈≈≈≈~..#......####.#
~≈≈≈≈≈≈≈ ≈≈≈≈≈...#...>......##
≈≈≈≈≈≈≈≈ ≈≈≈≈~~~.#....#####.#
≈≈≈≈≈≈≈≈ ≈≈≈≈≈≈SSS....# #.
≈≈≈≈≈≈≈ ≈≈≈≈≈≈≈≈≈##### #.


You could see 3 electric eels.

Vanquished Creatures
  A two-headed ogre (D:10)
  An orc knight (Bailey)
  A troll (D:9)
  A hornet (D:7)
  Grinder (D:3)
  Sigmund (D:5)
  A wraith (D:10)
  A vampire (D:9)
  2 wyverns
  12 yaks
  Eustachio (D:6)
  A steam dragon (D:9)
  Edmund (D:5)
  3 ice beasts
  11 orc warriors
  3 sky beasts
  An ogre (D:4)
  A centaur (D:5)
  2 phantoms
  2 kobold brigands (D:8)
  3 bullfrogs
  A gnoll sergeant (D:6)
  7 scorpions
  8 killer bees
  2 electric eels (D:10)
  5 howler monkeys
  4 hounds
  8 orc priests
  2 sleepcaps
  5 iguanas
  Ijyb (D:3)
  Natasha (thrice) (D:4)
  7 orc wizards
  10 gnolls
  6 adders
  A shadow imp (D:6)
  2 white imps
  2 ufetubi (D:5)
  2 worms
  4 dart slugs
  52 orcs
  4 endoplasms
  6 giant cockroaches
  4 goblins
  8 hobgoblins
  15 kobolds
  2 quokkas
  9 ball pythons
  6 bats
  5 frilled lizards
  6 rats
248 creatures vanquished.

Vanquished Creatures (others)
  An orc warrior (Bailey)
  An orc wizard (D:6)
2 creatures vanquished.

Grand Total: 250 creatures vanquished

Notes
Turn   | Place    | Note
-------+----------+-------------------------------------------
     0 | D:1      | Arex the Demigod Fighter began the quest for the Orb.
     0 | D:1      | Reached XP level 1. HP: 18/18 MP: 3/3
   690 | D:1      | Reached XP level 2. HP: 25/25 MP: 4/4
  1351 | D:2      | Found Kaduwnui's Distillery.
  1367 | D:2      | Reached XP level 3. HP: 25/31 MP: 5/5
  1433 | D:2      | Bought a potion of curing for 30 gold pieces
  2080 | D:3      | Noticed Grinder
  2253 | D:3      | Reached XP level 4. HP: 25/38 MP: 6/6
  2334 | D:3      | Paralysed by Grinder for 4 turns
  2346 | D:3      | Killed Grinder
  2347 | D:3      | Reached XP level 5. HP: 12/46 MP: 7/7
  2904 | D:3      | Noticed Ijyb
  2918 | D:3      | Killed Ijyb
  2919 | D:3      | Reached XP level 6. HP: 52/52 MP: 8/8
  3718 | D:4      | Noticed Natasha
  3728 | D:4      | Killed Natasha
  3768 | D:4      | Reached XP level 7. HP: 45/60 MP: 9/9
  3913 | D:4      | Noticed Natasha
  3918 | D:4      | Killed Natasha
  4116 | D:4      | Noticed Natasha
  4121 | D:4      | Killed Natasha
  4261 | D:5      | Entered Level 5 of the Dungeon
  4279 | D:5      | Noticed Edmund
  4290 | D:5      | Killed Edmund
  4329 | D:5      | Reached skill level 5 in Shields
  4615 | D:5      | Reached skill level 5 in Fighting
  4615 | D:5      | Reached skill level 5 in Armour
  5063 | D:5      | Noticed Sigmund
  5071 | D:5      | Killed Sigmund
  5072 | D:5      | Reached XP level 8. HP: 49/68 MP: 10/10
  5335 | D:5      | Reached skill level 5 in Axes
  6193 | D:6      | Noticed Eustachio
  6230 | D:6      | Killed Eustachio
  6693 | D:6      | Reached XP level 9. HP: 35/75 MP: 11/11
  6920 | D:6      | Found a runed translucent door.
  7034 | D:6      | HP: 4/117 [orc priest/divine providence (13)]
  7500 | D:6      | Found a runed translucent gate.
  7500 | D:6      | Found a runed translucent gate.
  7501 | D:6      | Found a runed translucent gate.
  7501 | D:6      | Found a runed translucent gate.
  7501 | D:6      | Found a large runed translucent door.
  7502 | D:6      | Found a runed translucent gate.
  7502 | D:6      | Found a runed translucent gate.
  7502 | D:6      | Found a runed translucent door.
  7502 | D:6      | Found a large runed translucent door.
  7810 | D:7      | Found a staircase to the Ecumenical Temple.
  7878 | D:7      | Reached skill level 1 in Evocations
  8160 | D:7      | Noticed an ice statue
  9393 | D:8      | Reached XP level 10. HP: 80/86 MP: 13/13
  9539 | D:8      | Noticed Maurice
  9552 | D:8      | Something stole 293 gold
  9553 | D:8      | Something stole 95 gold
 10501 | D:9      | Found a staircase to the Orcish Mines.
 10542 | D:9      | Found a flagged portal.
 10552 | D:9      | Identified the +11 spear of Sin {heavy, rF++ SInv}
 10556 | Bailey   | Entered a bailey
 11112 | Bailey   | Acquired a manual of Armour
 11114 | Bailey   | Noticed an orc knight
 11123 | Bailey   | Killed an orc knight
 11202 | D:9      | Found Sailath's Antique Weapon Shop.
 11738 | D:10     | Entered Level 10 of the Dungeon
 12399 | D:10     | Noticed a two-headed ogre
 12403 | D:10     | Killed a two-headed ogre
 12510 | D:10     | Killed from afar by an electric eel

Illustrated notes

Levels and vault maps discovered:
D:1:      saegor_arrival_simple_a, layout_basic, grunt_decor_fettered,
          corexii_hall_statues_i
D:2:      layout_basic, serial_shops, nicolae_shop_trees, basic_altar
D:3:      layout_loops_ring, nicolae_overflow_ecumenical_swirl, uniq_grinder,
          uniq_ijyb
D:4:      layout_loops_ring, nicolae_overflow_hidden_temple,
          minmay_misc_feat_five, uniq_natasha
D:5:      layout_basic, tso_altar, uniq_sigmund, uniq_edmund
D:6:      layout_basic, cheibrodos_ashenzari_chains, nzn_wu_jian_council_hall,
          lightli_church_of_beogh, uniq_eustachio
D:7:      lemuel_ice_statue, layout_rooms, minmay_temple_entry_offerings,
          minmay_tree_intersection
D:8:      layout_cave_pools, zin_treasury, uniq_maurice
D:9:      layout_loops_ring, mainiacjoe_overflow_small_starburst, orc_0_dummy,
          enter_bailey_2, serial_shops, shop
D:10:     layout_basic, gammafunk_temple_overflow_claw, serial_aquarium,
          aquarium_bridge_square [aquarium_subvault_bridge,
          aquarium_subvault_balcony, aquarium_subvault_wall,
          aquarium_subvault_window], aquarium_window_fake, aquarium_window_3,
          aquarium_window_1, aquarium_view_2b, aquarium_balcony_5b,
          aquarium_pool_four

Skill      XL: |  1  2  3  4  5  6  7  8  9 10 |
---------------+-------------------------------+-----
Axes           | 2 3 4 5 6 7 |  7.9
Fighting       | 3 4 5 6 7 8 |  8.1
Armour         | 3 4 5 6 7 8 |  8.4
Shields        | 3 4 5 6 7 8 |  8.2
Evocations     | 2 4 |  4.6

Action                     |  1- 3 |  4- 6 |  7- 9 | 10-12 || total
---------------------------+-------+-------+-------+-------++-------
  Melee: War axe           |   127 |   141 |   458 |   305 ||  1031
         Unarmed           |       |       |       |     4 ||     4
  Evoke: Wand              |       |       |       |    21 ||    21
    Use: Scroll            |     2 |       |     4 |     3 ||     9
         Potion            |       |       |     8 |     1 ||     9
   Stab: Betrayed ally     |       |       |       |     1 ||     1
 Armour: Scale mail        |   103 |    79 |    27 |       ||   209
         Chain mail        |       |       |   377 |   174 ||   551
         Skin              |       |       |    71 |    12 ||    83
         Plate armour      |       |       |       |   128 ||   128
  Dodge: Dodged            |    65 |    62 |   208 |   145 ||   480
  Block: Buckler           |    25 |    34 |   127 |    97 ||   283

Table legend: (Time is in decaauts)
 A = Elapsed time spent in this place.
 B = Non-inter-level travel time spent in this place.
 C = Inter-level travel time spent in this place.
 D = Time resting spent in this place.
 E = Time spent auto-exploring this place.
 F = Levels seen in this place.
 G = Mean time per level.
                   A        B        C        D        E       F      G
               +--------+--------+--------+--------+--------+-----+--------+
         Total |  12815 |  12340 |    475 |   4080 |   5770 |  11 | 1165.0 |
       Dungeon |  12145 |  11670 |    475 |   3816 |   5770 |  10 | 1214.5 |
        Bailey |    669 |    669 |      0 |    264 |      0 |   1 |  669.0 |
               +--------+--------+--------+--------+--------+-----+--------+

Top non-repeatable levels by time:
     D:6: 2009 daAuts
     D:7: 1520 daAuts
     D:9: 1423 daAuts
     D:5: 1382 daAuts
     D:1: 1266 daAuts
     D:3: 1137 daAuts
     D:4: 1081 daAuts
     D:8: 1053 daAuts
     D:2: 888 daAuts
  Bailey: 669 daAuts
    D:10: 382 daAuts
